 Dungeon Crawl Stone Soup version 0.30-a0-585-g93115170b9 (webtiles) character file.

Game seed: 3594025846503897160

3346 vineage the Fighter (level 10, -4/105 HPs)
             Began as a Gargoyle Fighter on Jan 2, 2023.
             Slain by an orc warlord
             ... wielding a +2 broad axe
              (18 damage)
             ... in a bailey.
             The game lasted 00:07:35 (5779 turns).

vineage the Fighter (Gargoyle Fighter)              Turns: 5779, Time: 00:07:35

Health: -4/105     AC: 25    Str: 23    XL:     10   Next: 2%
Magic:  10/10      EV:  2    Int: 10    God:
Gold:   481        SH:  0    Dex:  9    Spells: 9/9 levels left

rFire   . . .      SeeInvis .    f - +8 quarterstaff of Spring {elec, rN+}
rCold   . . .      Faith    .    (shield currently unavailable)
rNeg    + + .      Spirit   .    (body armour currently unavailable)
rPois   ∞          Reflect  .    (helmet currently unavailable)
rElec   .          Harm     .    (cloak currently unavailable)
rCorr   .          Rampage  .    (gloves currently unavailable)
Will    +....      NoTele   +    (boots currently unavailable)
Stlth   +                        s - amulet of regeneration
HPRegen 1.17/turn                k - ring of willpower
MPRegen 0.12/turn                l - +5 ring of evasion

@: tree-form
A: stationary, stasis, torment immunity, boosted hp, sickness immunity, AC +7,
negative energy resistance 1, (electricity resistance), torment resistance 1,
petrification resistance
a: no special abilities


You were in a bailey.
You were a tree.
You visited 2 branches of the dungeon, and saw 8 of its levels.
You also visited: Bailey.

You collected 481 gold pieces.

Inventory:

Hand Weapons
 a - a +0 flail of flaming
 f - the +8 quarterstaff of Spring (weapon) {elec, rN+}
   (You found it on level 4 of the Dungeon)

   It occasionally discharges a powerful burst of electricity upon striking a
   foe.
   rN:        It protects you from negative energy.
Armour
 b - a +0 scale mail (melded)
 c - a +0 buckler
 h - a +2 helmet (melded)
 i - a +1 pair of boots (melded)
 j - a +0 pair of gloves (melded)
 q - a scarf of resistance (melded)
Jewellery
 k - a ring of willpower (left branch)
 l - a +5 ring of evasion (right branch)
 r - a +6 ring of intelligence
 s - an amulet of regeneration (around neck)
 y - a ring of willpower
Wands
 d - a wand of mindburst (12)
Scrolls
 e - 2 scrolls of blinking
 t - a scroll of identify
 u - a scroll of amnesia
 w - a scroll of teleportation
 x - a scroll of brand weapon
 z - a scroll of fog
 A - a scroll of magic mapping
 B - a scroll of fear
 C - a scroll of enchant armour
 D - a scroll of enchant weapon {unknown}
Potions
 g - 3 potions of flight
 m - a potion of mutation
 p - a potion of lignification
 v - a potion of brilliance


   Skills:
 * Level 11.2 Fighting
 - Level 4.7 Maces & Flails
 + Level 7.5 Armour
 + Level 7.5 Shields


You had 9 spell levels left.
You didn't know any spells.
Your spell library contained the following spells:

 Spells                   Type           Power      Damage    Failure   Level
 Apportation              Tloc           0%         N/A       36%         1
 Sting                    Tmut/Pois      0%         1d3       36%         1
 Summon Small Mammal      Summ           0%         N/A       36%         1
 Static Discharge         Conj/Air       0%         2-2/arc   50%         2
 Call Canine Familiar     Summ           0%         N/A       75%         3
 Dazzling Flash           Conj/Hex       0%         N/A       75%         3
 Summon Guardian Golem    Hex/Summ       0%         N/A       75%         3
 Vhi's Electric Charge    Tloc/Air       0%         N/A       75%         3
 Agony                    Necr           0%         N/A       100%        5
 Alistair's Intoxication  Tmut/Pois      0%         N/A       100%        5
 Arcjolt                  Conj/Air       0%         1d10      100%        5
 Lightning Bolt           Conj/Air       0%         1d11      100%        5
 Silence                  Hex/Air        0%         N/A       100%        5
 Disjunction              Tloc           0%         N/A       100%        8


Dungeon Overview and Level Annotations

Branches:
Dungeon (7/15)             Temple (1/1) D:5          Bailey (1/1)

Altars:
Cheibriados
Dithmenos
Elyvilon
Fedhas
Gozag
Makhleb
Qazlal
Ru
Trog
Uskayaw
Vehumet
Wu Jian
Xom
Yredelemnul
Zin
The Shining One

Shops:
D:3 *


Innate Abilities, Weirdness & Mutations

You are a tree.
Your roots penetrate the ground, keeping you stationary.
You cannot be teleported.
You are immune to unholy pain and torment.
Your maximum health is greatly increased.
Your equipment is partially melded.
You are immune to sickness and miasma.
((Your stone body is resilient. (AC +7)))
You are immune to poison.
You resist negative energy. (rN+)
((You are resistant to electric shocks. (rElec)))
You are resistant to unholy torment.
You are immune to petrification.


Message History

The orc warlord hits you with a +2 broad axe.
You sock the orc warlord!
The orc warlord is heavily wounded.
The orc warlord hits you with a +2 broad axe. x2
You sock the orc warlord!
Lightning courses through the orc warlord!
The orc warlord is heavily wounded.
The orc warlord barely misses you.
You sock the orc warlord!
The orc warlord is heavily wounded.
The orc warlord hits you with a +2 broad axe!
You hit the orc warlord.
The orc warlord is severely wounded.
The orc warlord hits you with a +2 broad axe!
* * * LOW HITPOINT WARNING * * *
You hit the orc warlord.
The orc warlord is severely wounded.
The orc warlord hits you with a +2 broad axe!
* * * LOW HITPOINT WARNING * * *
You feel better.
The orc warlord hits you but does no damage.
You thump the orc warlord!
Lightning courses through the orc warlord!
The orc warlord is almost dead.
The orc warlord hits you but does no damage.
You thump the orc warlord!
The orc warlord is almost dead.
The orc warlord hits you but does no damage. x2
You barely miss the orc warlord.
The orc warlord is almost dead.
The orc warlord hits you with a +2 broad axe.
* * * LOW HITPOINT WARNING * * *
You hit the orc warlord but do no damage.
The orc warlord is almost dead.
The orc warlord hits you with a +2 broad axe!
* * * LOW HITPOINT WARNING * * *
You barely miss the orc warlord.
The orc warlord is almost dead.
The orc warlord hits you with a +2 broad axe!!
You die...

##### ##### ##...## ##...##
##.....## ##.....##
##.......#######.......##
##..8..8...).......8..8..##
#..........)..............#
#..........♣..............#
#...8......#o''#......8...#
##......####~~~####())...##
♣##.....#~~~~~~~~~#.....##♣
♣.##....#~.8...8.~#....##.♣
♣♣..###'###.......###'###..♣♣
♣...~~~.#~~.8...8.~~#.)~~...♣
♣♣...~~~.#~.........~#.(~~...♣
♣∩...~~~.#~....∩....~#.~(~...∩


You could see an orc warlord.

Vanquished Creatures
  Pikel (D:6)
  5 yaks (D:7)
  2 water moccasins
  2 ice beasts (D:6)
  Duvessa (D:6)
  2 orc warriors (Bailey)
  4 black bears
  2 ogres
  2 necrophages
  A scorpion (D:5)
  5 wights (D:6)
  Dowan (D:6)
  2 jellies
  2 hounds
  Crazy Yiuf (D:6)
  An orc wizard (D:3)
  3 iguanas
  9 gnolls
  4 adders
  A shadow imp (D:6)
  4 ufetubi
  2 worms (D:4)
  5 dart slugs
  14 orcs
  9 bats
  8 endoplasms
  6 giant cockroaches
  9 hobgoblins
  5 jackals
  19 kobolds
  2 quokkas
  3 ball pythons
  3 frilled lizards
  7 goblins
  3 rats
150 creatures vanquished.

Vanquished Creatures (others)
  3 fungi (D:4)
  4 plants (D:4)
7 creatures vanquished.

Grand Total: 157 creatures vanquished

Notes
Turn   | Place    | Note
-------+----------+-------------------------------------------
     0 | D:1      | vineage the Gargoyle Fighter began the quest for the Orb.
     0 | D:1      | Reached XP level 1. HP: 14/14 MP: 1/1
   214 | D:1      | Reached XP level 2. HP: 13/19 MP: 2/2
   628 | D:1      | Reached XP level 3. HP: 24/24 MP: 3/3
   834 | D:2      | Reached skill level 4 in Fighting
  1167 | D:2      | Reached XP level 4. HP: 30/30 MP: 4/4
  1355 | D:2      | Found an opulent altar of Gozag.
  1363 | D:2      | Identified the +0 robe of Uloesch {Rampage}
  1731 | D:3      | Found a faded altar of an unknown god.
  2064 | D:3      | Found Zin's Purification Station.
  2066 | D:3      | Found a glowing silver altar of Zin.
  2179 | D:3      | Reached XP level 5. HP: 34/34 MP: 5/5
  2481 | D:3      | Reached skill level 5 in Fighting
  2825 | D:4      | Found a stormy altar of Qazlal.
  2903 | D:4      | Noticed a black bear
  2913 | D:4      | Killed a black bear
  2914 | D:4      | Reached XP level 6. HP: 31/41 MP: 6/6
  3063 | D:4      | Identified the +8 quarterstaff of Spring {elec, rN+}
  3159 | D:4      | Found a sacrificial altar of Ru.
  3350 | D:4      | Reached skill level 6 in Fighting
  3674 | D:5      | Entered Level 5 of the Dungeon
  3713 | D:5      | Reached XP level 7. HP: 47/47 MP: 7/7
  3755 | D:5      | Found an opulent altar of Gozag.
  3863 | D:5      | Found a staircase to the Ecumenical Temple.
  3875 | Temple   | Entered the Ecumenical Temple
  4416 | D:6      | Noticed Pikel
  4420 | D:6      | Reached skill level 7 in Fighting
  4435 | D:6      | Killed Pikel
  4436 | D:6      | Reached skill level 8 in Fighting
  4436 | D:6      | Reached skill level 5 in Armour
  4436 | D:6      | Reached skill level 5 in Shields
  4436 | D:6      | Reached XP level 8. HP: 39/55 MP: 8/8
  4567 | D:6      | Reached skill level 9 in Fighting
  4598 | D:6      | Reached XP level 9. HP: 60/60 MP: 9/9
  4618 | D:6      | Noticed Duvessa
  4618 | D:6      | Noticed Dowan
  4626 | D:6      | Killed Duvessa
  4630 | D:6      | Killed Dowan
  4928 | D:6      | Found a runed translucent door.
  4929 | D:6      | Noticed Crazy Yiuf
  5226 | D:6      | Reached skill level 10 in Fighting
  5322 | D:6      | Killed Crazy Yiuf
  5401 | D:7      | Got the Grimoire of Shifting Venom
  5514 | D:7      | Reached skill level 11 in Fighting
  5533 | D:7      | Found a flagged portal.
  5543 | Bailey   | Entered a bailey
  5548 | Bailey   | Noticed an orc warlord
  5610 | Bailey   | Reached XP level 10. HP: 62/70 MP: 10/10
  5628 | Bailey   | Found a runed translucent gate.
  5629 | Bailey   | Found a runed translucent gate.
  5643 | Bailey   | Found a runed translucent gate.
  5779 | Bailey   | Slain by an orc warlord

Illustrated notes

Levels and vault maps discovered:
D:1:      minmay_arrival_solitary_statue, layout_loops_ring, chequers_arboretum,
          minmay_nonomino_d4
D:2:      layout_basic, basic_altar, serial_co_window_serial,
          co_window_corner_a, co_window_corner_a, co_window_paths_a,
          co_window_corner_a, co_window_of_opportunity_a,
          co_window_of_opportunity_a, co_window_paths_a, co_window_paths_c,
          co_window_unsneaky_path_e, co_window_corner_ca, co_window_broadway_b,
          kennysheep_generic_room_2
D:3:      layout_loops_ring, zin_purify, chequers_ecumenical_altar_simple_redux
D:4:      minmay_chambers_of_threes, layout_basic, lemuel_tele_altar,
          nicolae_ru_the_path_less_chosen
D:5:      layout_rooms, mainiacjoe_overflow_boulevard, minmay_temple_entry_wispy
D:6:      layout_loops_corners, uniq_pikel, uniq_crazy_yiuf_cottage,
          uniq_duvessa
D:7:      layout_basic, enter_bailey_2, dk_rats_in_the_wall
Temple:   nicolae_temple_bog_church
Bailey:   bailey_axe_bossmonster_kennysheep, bailey

Skill      XL: |  1  2  3  4  5  6  7  8  9 |
---------------+----------------------------+-----
Fighting       | 4 5 6 8 9 11 | 11.2
Maces & Flails | 3 4 |  4.7
Armour         | 5 6 7 |  7.5
Shields        | 5 6 7 |  7.5

Action                   |  1- 3 |  4- 6 |  7- 9 | 10-12 || total
-------------------------+-------+-------+-------+-------++-------
Melee: Flail             |   121 |   174 |       |       ||   295
       Quarterstaff      |       |    39 |   153 |    32 ||   224
  Use: Scroll            |       |    11 |     8 |       ||    19
       Potion            |       |       |     3 |     4 ||     7
Armor: Scale mail        |   111 |   121 |    82 |     7 ||   321
       Skin              |       |       |       |     6 ||     6
Dodge: Dodged            |   106 |    91 |   128 |    12 ||   337
Block: Buckler           |    39 |    35 |       |       ||    74

Table legend: (Time is in decaauts)
 A = Elapsed time spent in this place.
 B = Non-inter-level travel time spent in this place.
 C = Inter-level travel time spent in this place.
 D = Time resting spent in this place.
 E = Time spent auto-exploring this place.
 F = Levels seen in this place.
 G = Mean time per level.
                   A        B        C        D        E       F      G
               +--------+--------+--------+--------+--------+-----+--------+
         Total |   5909 |   5710 |    199 |    232 |   4242 |   9 |  656.6 |
       Dungeon |   5469 |   5291 |    178 |    232 |   3983 |   7 |  781.3 |
        Temple |    186 |    165 |     21 |      0 |    153 |   1 |  186.0 |
        Bailey |    254 |    254 |      0 |      0 |    106 |   1 |  254.0 |
               +--------+--------+--------+--------+--------+-----+--------+

Top non-repeatable levels by time:
     D:6: 1106 daAuts
     D:3: 1054 daAuts
     D:2: 982 daAuts
     D:4: 935 daAuts
     D:1: 786 daAuts
     D:5: 411 daAuts
  Bailey: 254 daAuts
     D:7: 192 daAuts
  Temple: 186 daAuts
